 Dungeon Crawl Stone Soup version 0.31-a0-981-geadf994542 (webtiles) character file.

Game seed: 811762196991064340

385 Xavori the Trooper (level 7, 0/51 HPs)
             Began as a Djinni Chaos Knight on Nov 1, 2023.
             Was a Plaything of Xom.
             Slain by a jackal (3 damage)
             ... summoned by Xom
             ... on level 3 of the Dungeon.
             The game lasted 00:03:07 (9220 turns).

Xavori the Trooper (Djinni Chaos Knight)            Turns: 9220, Time: 00:03:08

Health: 0/51       AC:  6    Str:  9    XL:     7   Next: 6%
Gold:   196        EV: 12    Int: 13    God:    Xom [*.....] SH:  0 Dex: 15

rFire   + + +        a - +0 falchion (chaos)
rCold   x . .        (no shield)
rNeg    . . .        b - +2 leather armour
rPois   ∞            (helmet restricted)
rElec   .            f - +0 cloak
rCorr   .            (no gloves)
SInv    +            (boots unavailable)
Will    .....        g - amulet of faith
Stlth   +            (no ring)
HPRegen 0.28/turn    (no ring)
MPRegen 0.00/turn

%: clarity, faith, infuse magic (-1 HP)
@: attractive, flying, hasted, very quick
A: sickness immunity, fire resistance 3, cold vulnerability 1, float, innate
caster, HP casting, extra vitality 1, horns 1, iridescent scales 1, see
invisible, clarity, deformed body, weak 1
a: Renounce Religion


You were on level 3 of the Dungeon.
You worshipped Xom.
You were a special plaything of Xom.
You visited 1 branch of the dungeon, and saw 3 of its levels.

You collected 196 gold pieces.

Inventory:

Hand Weapons
 a - a +0 falchion of chaos (weapon)
Armour
 b - a +2 leather armour (worn)
 f - a +0 cloak (worn)
Jewellery
 g - an amulet of faith (around neck)
Scrolls
 c - a scroll of butterflies
 d - a scroll of amnesia {unknown}
 e - 3 scrolls of identify {unknown}
 h - a scroll of enchant armour {unknown}
 j - a scroll of summoning {unknown}
 n - a scroll of brand weapon {unknown}
 p - a scroll of revelation {unknown}
Potions
 k - a potion of invisibility {unknown}
 l - a potion of attraction
 m - a potion of enlightenment {unknown}
 o - a potion of curing {unknown}
Miscellaneous
 i - a box of beasts


   Skills:
 + Level 3.9 Fighting
 + Level 3.5 Long Blades
 + Level 2.6 Armour
 + Level 3.5 Dodging
 * Level 2.2 Spellcasting
 * Level 2.2 Conjurations
 * Level 2.2 Hexes
   Level 0.0 Charms
 * Level 2.2 Summonings
 * Level 2.2 Necromancy
 * Level 2.2 Translocations
 * Level 2.2 Transmutations
 * Level 2.2 Fire Magic
 * Level 2.2 Ice Magic
 * Level 2.2 Air Magic
 * Level 2.2 Earth Magic
 * Level 2.2 Poison Magic
 + Level 2.0 Evocations


You knew the following spells:

 Your Spells              Type           Power      Damage    Failure   Level
a - Sting                 Tmut/Pois      28%        1d4       14%         1
b - Lesser Beckoning      Tloc           14%        N/A       21%         2
c - Ozocubu's Armour      Ice            7%         N/A       38%         3
Your spell library was empty.

Dungeon Overview and Level Annotations

Branches:
Dungeon (3/15)

Altars:

Shops:
D:1 (


Innate Abilities, Weirdness & Mutations

You are immune to sickness and miasma.
You are immune to poison.
Your flesh is almost immune to the effects of heat. (rF+++)
You are vulnerable to cold. (rC-)
You float through the air rather than walking.
You learn spells naturally, not from books.
Your magical power is your life essence.
You have superior vitality. (+4 MHP)
You have a pair of small horns on your head.
You are partially covered in iridescent scales. (AC +2)
You have supernaturally acute eyesight. (SInv)
You possess an exceptional clarity of mind.
Armour fits poorly on your strangely shaped body.
You are weak. (Str -2)


Message History

The orc misses your adder zombie.
Your adder zombie bites the orc.
The jackal barely misses your adder zombie.
The gnoll hits your adder zombie with a +0 whip.
You barely miss the rat. The jackal bites your adder zombie.
Your adder zombie is destroyed!
The rat misses you. The goblin hits you but does no damage.
The orc barely misses you.
You hit the rat.
You kill the rat!
The rat's corpse disappears in a puff of smoke!
The goblin hits you but does no damage. The orc misses you.
The gnoll hits you with a +0 whip.
* * * LOW HITPOINT WARNING * * *
Unknown command.
Items here: ))))) †††.
The goblin attacks as it pursues you! The goblin hits you with a +0 dagger.
* * * LOW HITPOINT WARNING * * *
The goblin attacks as it pursues you! The goblin hits you but does no damage.
The goblin attacks as it pursues you! The goblin hits you with a +0 dagger.
* * * LOW HITPOINT WARNING * * *
The goblin attacks as it pursues you! The goblin hits you but does no damage.
The goblin attacks as it pursues you! The goblin hits you with a +0 dagger.
* * * LOW HITPOINT WARNING * * *
The goblin attacks as it pursues you! The goblin hits you with a +0 dagger.
* * * LOW HITPOINT WARNING * * *
The goblin attacks as it pursues you! The goblin hits you with a +0 dagger.
* * * LOW HITPOINT WARNING * * *
The goblin hits you with a +0 dagger.
* * * LOW HITPOINT WARNING * * *
It was a potion of attraction.
You feel attractive to monsters. The jackal barely misses you.
The goblin barely misses you. The orc is attracted toward you.
It was a potion of haste.
You feel yourself speed up. The jackal barely misses you.
The goblin hits you but does no damage. The gnoll is attracted toward you.
The gnoll barely misses you. The jackal attacks as it pursues you!
The jackal bites you.
You die... "Boring in life, boring in death..."

##### ############ #...#
#..........#### ###.#.#
#........§....####### ....#.#
#.....g.............#
....#.#######..>@h.gho..........#
....#.........######.##..........
........#####.######.##...§......
...####.#.#..........########.##.
.....##...#.#.#####...........##)
...#.####.#.#..(..#.############)
#.##.####.#.#.###.#. #....ho
#'##.#....#.#.#.#.#. #.####.
...#.#.####.....#.#.# #g.).


You could see a gnoll, an orc (summoned), 2 jackals and a goblin (summoned).

Vanquished Creatures
  Sigmund (D:2)
  An orc wizard (D:3)
  Robin (D:3)
  5 gnolls
  7 adders
  A worm (D:2)
  4 orcs
  2 bats (D:1)
  An endoplasm (D:1)
  13 goblins
  6 hobgoblins
  A kobold (D:1)
  5 quokkas
  2 ball pythons
  3 frilled lizards
  5 rats
58 creatures vanquished.

Vanquished Creatures (collateral kills)
  A frilled lizard (D:1)
1 creature vanquished.

Vanquished Creatures (others)
  An orc wizard (D:3)
  An adder zombie (D:3)
  A goblin (D:3)
3 creatures vanquished.

Grand Total: 62 creatures vanquished

Notes
Turn   | Place    | Note
-------+----------+-------------------------------------------
     0 | D:1      | Xavori the Djinni Chaos Knight began the quest for the Orb.
     0 | D:1      | Reached XP level 1. HP: 20/20 MP: 0/0
    35 | D:1      | Found Renk's Weapon Shop.
   175 | D:1      | Reached XP level 2. HP: 24/25 MP: 0/0
   412 | D:1      | XOM: divination: magic mapping
  1133 | D:1      | XOM: god gift: box of beasts
  1710 | D:1      | XOM: give mutations
  1710 | D:1      | Gained mutation: You have supernaturally acute eyesight.
                  | (SInv) [Xom's mischief]
  1710 | D:1      | Gained mutation: You have a pair of small horns on your
                  | head. [Xom's mischief]
  1738 | D:1      | XOM: god gift: blue potion {god gift}
  1844 | D:1      | XOM is BORED!
  1844 | D:1      | XOM: draining
  1987 | D:1      | XOM: divination: detect items
  2036 | D:1      | XOM: give mutations
  2036 | D:1      | Gained mutation: Your flesh is almost immune to the effects
                  | of heat. (rF+++) [Xom's grace]
  2036 | D:1      | Gained mutation: You have a pair of horns on your head.
                  | [Xom's grace]
  2036 | D:1      | Gained mutation: Your muscles are strong. (Str +4, Int/Dex
                  | -1) [Xom's grace]
  2109 | D:1      | XOM: cloud trail
  2880 | D:1      | XOM: cloud trail
  2918 | D:1      | XOM: stat loss: -1 Int (11/12)
  3490 | D:1      | XOM: cloud trail
  3599 | D:1      | XOM: summons 2 hostile demons
  4183 | D:1      | XOM: god gift: 44 gold pieces
  4321 | D:1      | XOM: draining
  4446 | D:1      | XOM: torment (9/16 hp)
  4512 | D:1      | XOM: summons 2 hostile shadow creatures
  4777 | D:1      | XOM: summons 3 hostile shadow creatures
  5092 | D:1      | XOM is BORED!
  5238 | D:1      | XOM: summons 4 hostile shadow creatures
  5404 | D:2      | XOM: 3-stop teleportation journey
  5812 | D:1      | XOM: give mutations
  5812 | D:1      | Gained mutation: You sometimes lose your temper in combat.
                  | [Xom's mischief]
  5812 | D:1      | Lost mutation: You sometimes lose your temper in combat.
                  | [Xom's mischief]
  5812 | D:1      | Lost mutation: Your muscles are strong. (Str +4, Int/Dex
                  | -1) [Xom's mischief]
  5812 | D:1      | Lost mutation: You have a pair of horns on your head.
                  | [Xom's mischief]
  5860 | D:1      | XOM: stat loss: -1 Int (11/13)
  5870 | D:1      | XOM: stat loss: -1 Str (10/11)
  5965 | D:1      | XOM: stat loss: -1 Int (10/13)
  6353 | D:1      | XOM: summons 1 hostile demon
  6354 | D:1      | Noticed an orange demon
  6354 | D:1      | XOM: smoke on damage
  6483 | D:2      | XOM: torment (9/16 hp)
  7457 | D:1      | XOM: summons 2 hostile demons
  7458 | D:1      | Noticed a sun demon
  7523 | D:2      | XOM: summons 2 hostile demons
  7574 | D:1      | XOM: summons 2 hostile demons
  7624 | D:2      | Noticed Sigmund
  7624 | D:2      | XOM: 3-stop teleportation journey
  7625 | D:2      | XOM: scenery: 3 doors open
  7629 | D:2      | XOM: potion effect (might)
  7643 | D:2      | Killed Sigmund
  7644 | D:2      | Reached skill level 1 in Spellcasting
  7644 | D:2      | Reached skill level 1 in Conjurations
  7644 | D:2      | Reached skill level 1 in Hexes
  7644 | D:2      | Reached skill level 1 in Summonings
  7644 | D:2      | Reached skill level 1 in Necromancy
  7644 | D:2      | Reached skill level 1 in Translocations
  7644 | D:2      | Reached skill level 1 in Transmutations
  7644 | D:2      | Reached skill level 1 in Fire Magic
  7644 | D:2      | Reached skill level 1 in Ice Magic
  7644 | D:2      | Reached skill level 1 in Air Magic
  7644 | D:2      | Reached skill level 1 in Earth Magic
  7644 | D:2      | Reached skill level 1 in Poison Magic
  7644 | D:2      | Reached skill level 1 in Evocations
  7644 | D:2      | Reached XP level 3. HP: 4/30 MP: 0/0
  7644 | D:2      | Learned a level 1 spell: Sting
  7644 | D:2      | Reached XP level 4. HP: 5/36 MP: 0/0
  7644 | D:2      | Reached XP level 5. HP: 5/40 MP: 0/0
  7644 | D:2      | Learned a level 2 spell: Lesser Beckoning
  7694 | D:2      | XOM: give mutation
  7694 | D:2      | Gained mutation: You are partially covered in iridescent
                  | scales. (AC +2) [Xom's mischief]
  7833 | D:2      | Reached XP level 6. HP: 46/46 MP: 0/0
  7865 | D:2      | XOM: summons 3 hostile shadow creatures
  7872 | D:2      | Found a faded altar of an unknown god.
  7940 | D:2      | XOM: 2-stop teleportation journey
  8249 | D:2      | XOM: polymorph ball python -> gnoll
  8618 | D:3      | XOM: noise
  8629 | D:3      | XOM: god gift: glowing halberd {god gift}
  8856 | D:3      | XOM: 6-stop teleportation journey
  9063 | D:3      | XOM: give mutations
  9063 | D:3      | Gained mutation: Armour fits poorly on your strangely
                  | shaped body. [Xom's mischief]
  9063 | D:3      | Gained mutation: You are weak. (Str -2) [Xom's mischief]
  9102 | D:3      | XOM: give mutation
  9102 | D:3      | Gained mutation: You possess an exceptional clarity of
                  | mind. [Xom's grace]
  9162 | D:3      | Noticed Robin
  9170 | D:3      | Killed Robin
  9183 | D:3      | XOM: enchant monster (good)
  9185 | D:3      | Reached XP level 7. HP: 33/51 MP: 0/0
  9185 | D:3      | Learned a level 3 spell: Ozocubu's Armour
  9195 | D:3      | XOM: summons 4 hostile shadow creatures
  9214 | D:3      | HP: 2/51 [goblin/+0 dagger[Xom] (1)]
  9220 | D:3      | Slain by a jackal

Illustrated notes

Levels and vault maps discovered:
D:1:      minmay_arrival_up_and_down, layout_basic, serial_shops, shop
D:2:      kennysheep_six_static_rooms, layout_basic,
          dreamdust_ecumenical_altar_angels_and_demons, serial_forest,
          infiniplex_forest_clump_long, infiniplex_forest_straight_4,
          infiniplex_forest_end_2, infiniplex_forest_clump_small,
          infiniplex_forest_straight_4, minmay_hedge_maze, minmay_hexomino_u4,
          uniq_sigmund
D:3:      layout_basic, chequers_serial_rivers_room_b, corexii_corridor_pit,
          uniq_robin

Skill      XL: |  1  2  3  4  5  6 |
---------------+-------------------+-----
Long Blades    | 3 |  3.5
Armour         | 2 |  2.6
Dodging        | 3 |  3.5
Spellcasting   | 1 2 |  2.2
Conjurations   | 1 2 |  2.2
Hexes          | 1 2 |  2.2
Summonings     | 1 2 |  2.2
Necromancy     | 1 2 |  2.2
Translocations | 1 2 |  2.2
Transmutations | 1 2 |  2.2
Fire Magic     | 1 2 |  2.2
Ice Magic      | 1 2 |  2.2
Air Magic      | 1 2 |  2.2
Earth Magic    | 1 2 |  2.2
Poison Magic   | 1 2 |  2.2
Evocations     | 1 2 |  2.0
Fighting       | |  3.9

Action                     |  1- 3 |  4- 6 |  7- 9 || total
---------------------------+-------+-------+-------++-------
  Melee: Falchion          |    56 |   115 |    13 ||   184
         Headbutt          |       |    23 |     2 ||    25
         Punch             |       |     1 |       ||     1
    Use: Potion            |     1 |       |     2 ||     3
   Stab: Sleeping          |     1 |     1 |       ||     2
         Paralysed         |       |     1 |       ||     1
 Armour: Leather armour    |    61 |    96 |    20 ||   177
  Dodge: Dodged            |    54 |    79 |    16 ||   149

Table legend: (Time is in decaauts)
 A = Elapsed time spent in this place.
 B = Non-inter-level travel time spent in this place.
 C = Inter-level travel time spent in this place.
 D = Time resting spent in this place.
 E = Time spent auto-exploring this place.
 F = Levels seen in this place.
 G = Mean time per level.
                   A        B        C        D        E       F      G
               +--------+--------+--------+--------+--------+-----+--------+
         Total |   9249 |   9195 |     54 |   7264 |   1492 |   3 | 3083.0 |
       Dungeon |   9249 |   9195 |     54 |   7264 |   1492 |   3 | 3083.0 |
               +--------+--------+--------+--------+--------+-----+--------+

Top non-repeatable levels by time:
     D:1: 6775 daAuts
     D:2: 1831 daAuts
     D:3: 643 daAuts
